 Seeded DCSS version 0.31-a0-271-gb88eb75e06 (webtiles) character file.

Game seed: 14215367866634240820 (custom seed)

1726 innerfire43 the Chopper (level 8, -1/56 (58) HPs)
             Began as a Demonspawn Monk on July 14, 2023.
             Was a Believer of Cheibriados.
             Slain by a wight
             ... wielding a +5 trident
              (6 damage)
             ... on level 7 of the Dungeon.
             The game lasted 00:07:44 (5084 turns).

innerfire43 the Chopper (Demonspawn Monk)           Turns: 5084, Time: 00:07:44

HP:   -1/56 (58)    AC: 18    Str: 19    XL:     8   Next: 75%
MP:   8/8           EV: 14    Int: 15    God:    Cheibriados [**....]
Gold: 336           SH:  4    Dex: 19    Spells: 7/7 levels left

rFire   + . .        c - +0 war axe
rCold   + . .        d - orb {light}
rNeg    . . .        v - +4 troll leather armour {Pargi}
rPois   .            j - +2 helmet
rElec   .            (no cloak)
rCorr   +            i - +4 pair of gloves of Joy {Fly rF+ rC+ Will+}
SInv    +            n - +0 pair of boots
Will    +....        (no amulet)
Stlth   +            r - ring of resist corrosion
HPRegen 1.09/turn    G - ring of see invisible
MPRegen 0.11/turn

%: no passive effects
@: flying, glowing, lightly drained, very slow
A: large bone plates 1, demonic guardian 2, condensation shield
a: Renounce Religion, Bend Time


You were on level 7 of the Dungeon.
You worshipped Cheibriados.
Cheibriados was pleased with you.
You visited 2 branches of the dungeon, and saw 8 of its levels.
You also visited: Sewer.

You collected 336 gold pieces.

Inventory:

Hand Weapons
 a - a +0 hand axe
 c - a +0 war axe (weapon)
 y - a +2 short sword of electrocution
Missiles
 h - 5 silver javelins (quivered)
Armour
 b - a +0 robe
 d - an orb of light (worn)
 i - the +4 pair of gloves of Joy (worn) {Fly rF+ rC+ Will+}
   (You acquired it on level 5 of the Dungeon)

   rF:        It protects you from fire.
   rC:        It protects you from cold.
   Fly:       It grants you flight.
   Will:      It increases your willpower.
 j - a +2 helmet (worn)
 n - a +0 pair of boots (worn)
 v - a +4 troll leather armour (worn) {Pargi}
Jewellery
 r - a ring of resist corrosion (left hand)
 G - a ring of see invisible (right hand)
Talismans
 C - a serpent talisman
Wands
 s - a wand of roots (19)
 t - a wand of polymorph (13)
 u - a wand of mindburst (19)
 A - a wand of quicksilver (17)
 E - a wand of paralysis (13)
Scrolls
 e - a scroll of enchant weapon {unknown}
 f - 2 scrolls of fog {unknown}
 k - a scroll of amnesia {unknown}
 m - 3 scrolls of poison {unknown}
 o - a scroll of teleportation {unknown}
 p - 6 scrolls of identify {unknown}
 w - a scroll of blinking {unknown}
 B - 2 scrolls of vulnerability {unknown}
 F - a scroll of summoning {unknown}
 H - a scroll of fear {unknown}
Potions
 g - 4 potions of curing {unknown}
 l - a potion of berserk rage {unknown}
 q - a potion of lignification {unknown}
 x - a potion of degeneration {unknown}
 z - a potion of attraction {unknown}
 D - a potion of haste {unknown}


   Skills:
 - Level 3.0 Fighting
 + Level 7.0 Axes
 - Level 5.2 Armour
 - Level 5.0 Dodging
 * Level 3.1 Shapeshifting


You had 7 spell levels left.
You didn't know any spells.
Your spell library contained the following spells:

 Spells                   Type           Power      Damage    Failure   Level
 Apportation              Tloc           0%         N/A       30%         1
 Necrotise                Necr           0%         1d4       30%         1
 Sandblast                Erth           0%         2d4       30%         1
 Summon Small Mammal      Summ           0%         N/A       30%         1
 Passwall                 Tmut/Erth      0%         N/A       43%         2
 Sublimation of Blood     Necr           0%         N/A       43%         2
 Gell's Gravitas          Tloc           0%         N/A       67%         3
 Stone Arrow              Conj/Erth      0%         3d7       67%         3
 Teleport Other           Tloc           0%         N/A       67%         3
 Petrify                  Tmut/Erth      0%         N/A       97%         4
 Irradiate                Conj/Tmut      0%         3d11      100%        5
 Dispersal                Tloc           0%         N/A       100%        6


Dungeon Overview and Level Annotations

Branches:
Dungeon (7/15)             Temple (1/1) D:7           Sewer (visited)

Altars:
Cheibriados
Fedhas
Gozag
Qazlal
Sif Muna

Shops:
D:4 [   D:5 *

Annotations:
D:7 Pikel


Innate Abilities, Weirdness & Mutations

You are partially covered in large bone plates. (SH +4)
A demonic guardian rushes to your aid.
A meltable shield of frost defends you. (SH +0)


Message History

Pikel hits you but does no damage.
A lemure comes into view.
Your orange demon stings the wight.
Your orange demon hits the wight but does no damage.
You hit Pikel but do no damage.
Pikel is moderately wounded.
You slash the lemure! You barely miss the lemure.
The lemure hits you but does no damage.
The wight hits you from afar with a +5 trident.
You feel drained.
Pikel hits you with a +1 whip of flaming.
The lemure hits you but does no damage.
Your orange demon stings the wight.
Your orange demon hits the wight but does no damage.
You completely miss Pikel.
Pikel is moderately wounded.
You closely miss the lemure. You hit the lemure.
You hit the lemure but do no damage. The lemure hits you.
You block the wight's attack.
Pikel hits you with a +1 whip of flaming!
The lemure hits you but does no damage. The lemure misses you.
Your orange demon closely misses the wight.
Your orange demon hits the wight but does no damage.
You hit Pikel.
Pikel is heavily wounded.
You hit the lemure. x3
Your orange demon disappears in a puff of smoke!
You block the lemure's attack.
Pikel says, "You'll feel the lick of my whip!"
Pikel hits you but does no damage. The lemure hits you but does no damage.
The wight hits you but does no damage. The lemure hits you.
The lemure misses you.
Pikel hits you with a +1 whip of flaming!
* * * LOW HITPOINT WARNING * * *
A demonic guardian appears!
Pikel burns you.
* * * LOW HITPOINT WARNING * * *
The lemure hits you.
* * * LOW HITPOINT WARNING * * *
The lemure hits you but does no damage.
The wight hits you from afar with a +5 trident.
You die...

... .. .. .= .. ##### .## .
.. #...# ..# .. .###
#..(####5### ... ..#
##...##.5K5.# .... #.#
#.....#45@⌠.##### .....
#.###.....'.§>..'...##......
#<........#.⌠z⌠.###.........
##....#####.....# ####......
#....# ###[### ..... #....#
#.[.# .... #....... ##.##
D.. ...#)#..... #.# ..
..###.####.. #.# .


You could see Pikel, 4 lemures, a wight and a friendly orange demon (summoned).

Vanquished Creatures
  A steam dragon (D:7)
  A water moccasin (D:5)
  Duvessa (D:7)
  Pargi (Sewer)
  A sky beast (D:5)
  3 black bears
  A phantom (D:5)
  3 scorpions
  A wight (D:7)
  Dowan (D:7)
  4 hounds
  3 iguanas
  Ijyb (D:4)
  An orc wizard (D:6)
  A gnoll (D:2)
  4 adders
  A white imp (D:6)
  2 dart slugs
  11 orcs
  9 ball pythons
  10 endoplasms
  8 giant cockroaches
  9 goblins
  5 hobgoblins
  5 jackals (D:1)
  7 kobolds
  10 quokkas
  5 bats
  6 frilled lizards
  3 rats
119 creatures vanquished.

Vanquished Creatures (collateral kills)
  A wight (D:7)
  An orc priest (D:3)
  Terence (D:3)
  3 gnolls (D:2)
  2 worms
  An orc (D:3)
  A hobgoblin (D:2)
  A jackal (D:1)
  A kobold (D:4)
  A ball python (D:4)
  A rat (D:2)
14 creatures vanquished.

Grand Total: 133 creatures vanquished

Notes
Turn   | Place    | Note
-------+----------+-------------------------------------------
     0 | D:1      | innerfire43 the Demonspawn Monk began the quest for the
                  | Orb.
     0 | D:1      | Reached XP level 1. HP: 18/18 MP: 1/1
    53 | D:1      | Reached skill level 3 in Axes
    53 | D:1      | Gained mutation: A weak demonic guardian rushes to your
                  | aid. [demonic ancestry]
    53 | D:1      | Reached XP level 2. HP: 8/24 MP: 2/2
   445 | D:1      | Reached XP level 3. HP: 20/29 MP: 3/3
  1174 | D:2      | Gained mutation: A demonic guardian rushes to your aid.
                  | [demonic ancestry]
  1174 | D:2      | Reached XP level 4. HP: 11/35 MP: 4/4
  1689 | D:3      | Reached skill level 4 in Axes
  1692 | D:3      | Reached XP level 5. HP: 10/41 MP: 5/5
  2008 | D:3      | Noticed Terence
  2015 | D:3      | Killed Terence
  2495 | D:4      | Found Junwutirr's Armour Shoppe.
  2567 | D:4      | Noticed Ijyb
  2585 | D:4      | Killed Ijyb
  2936 | D:4      | Found a glowing drain.
  2952 | Sewer    | Entered a sewer
  2989 | Sewer    | Noticed Pargi
  3007 | Sewer    | Killed Pargi
  3008 | Sewer    | Reached skill level 5 in Axes
  3008 | Sewer    | Reached skill level 5 in Dodging
  3008 | Sewer    | Reached XP level 6. HP: 28/47 MP: 6/6
  3233 | D:4      | Reached skill level 1 in Armour
  3322 | D:4      | Gained mutation: A meltable shield of frost defends you.
                  | (SH +0) [demonic ancestry]
  3322 | D:4      | Reached XP level 7. HP: 38/52 MP: 7/7
  3573 | D:5      | Entered Level 5 of the Dungeon
  3575 | D:5      | Identified a scroll of acquirement
  3575 | D:5      | Acquired the +4 pair of gloves of Joy {Fly rF+ rC+ Will+}
  3793 | D:5      | Reached skill level 6 in Axes
  4132 | D:5      | Found Ucuimn's Serpentskin Sales.
  4146 | D:5      | Gained mutation: You are partially covered in large bone
                  | plates. (SH +4) [demonic ancestry]
  4146 | D:5      | Reached XP level 8. HP: 48/58 MP: 8/8
  4269 | D:5      | Reached skill level 5 in Armour
  4529 | D:6      | Identified the +1 long sword "Demon's Foe" {pain, *Slow
                  | rPois Str-4 Int+5}
  4693 | D:6      | Reached skill level 1 in Shapeshifting
  4955 | D:7      | Found a staircase to the Ecumenical Temple.
  4961 | D:7      | Noticed Dowan
  4962 | D:7      | Noticed Duvessa
  4973 | D:7      | Killed Dowan
  4977 | D:7      | Killed Duvessa
  5007 | Temple   | Entered the Ecumenical Temple
  5033 | Temple   | Became a worshipper of Cheibriados the Contemplative
  5033 | Temple   | Reached * piety under Cheibriados
  5033 | Temple   | Reached ** piety under Cheibriados
  5078 | D:7      | Noticed Pikel
  5080 | D:7      | Reached skill level 7 in Axes
  5084 | D:7      | Slain by a wight

Illustrated notes

Levels and vault maps discovered:
D:1:      dpeg_arrival_castle, layout_basic, serial_forest,
          infiniplex_forest_straight_2, infiniplex_forest_straight_3,
          infiniplex_forest_clump_double, infiniplex_forest_lined_1,
          infiniplex_forest_clump_small, infiniplex_forest_straight_2,
          infiniplex_forest_lined_3_way
D:2:      layout_rooms
D:3:      layout_basic, general_overflow_altar, uniq_terence
D:4:      minmay_chambers_of_fours, layout_loops_ring, gup_sewer_entry_pipe,
          serial_shops, shop, uniq_ijyb
D:5:      layout_basic, guppyfry_shop_venom
D:6:      layout_rooms
D:7:      layout_rooms, minmay_temple_entry_hall, serial_shops,
          nicolae_shop_overgrown_old_shop, uniq_pikel, uniq_maggie, uniq_duvessa
Temple:   nicolae_temple_elliptical

Skill      XL: |  1  2  3  4  5  6  7  8 |
---------------+-------------------------+-----
Axes           | 3 4 5 6 7 |  7.0
Dodging        | 3 4 5 |  5.0
Armour         | 2 4 5 |  5.2
Shapeshifting  | 3 |  3.1
Fighting       | |  3.0

Action                     |  1- 3 |  4- 6 |  7- 9 || total
---------------------------+-------+-------+-------++-------
  Melee: Hand axe          |   102 |    53 |       ||   155
         War axe           |       |   127 |   139 ||   266
  Throw: Javelin           |     3 |       |       ||     3
    Use: Potion            |     1 |     1 |       ||     2
         Scroll            |       |     4 |     2 ||     6
 Armour: Robe              |    16 |    48 |       ||    64
         Troll leather arm |       |    37 |    74 ||   111
  Dodge: Dodged            |    87 |   163 |   106 ||   356
  Block: Orb               |       |       |    47 ||    47

Table legend: (Time is in decaauts)
 A = Elapsed time spent in this place.
 B = Non-inter-level travel time spent in this place.
 C = Inter-level travel time spent in this place.
 D = Time resting spent in this place.
 E = Time spent auto-exploring this place.
 F = Levels seen in this place.
 G = Mean time per level.
                   A        B        C        D        E       F      G
               +--------+--------+--------+--------+--------+-----+--------+
         Total |   5190 |   4894 |    296 |      0 |   3880 |   9 |  576.7 |
       Dungeon |   4912 |   4655 |    257 |      0 |   3714 |   7 |  701.7 |
        Temple |     59 |     20 |     39 |      0 |     13 |   1 |   59.0 |
         Sewer |    218 |    218 |      0 |      0 |    153 |   1 |  218.0 |
               +--------+--------+--------+--------+--------+-----+--------+

Top non-repeatable levels by time:
     D:1: 1049 daAuts
     D:4: 938 daAuts
     D:3: 916 daAuts
     D:5: 913 daAuts
     D:2: 519 daAuts
     D:6: 476 daAuts
   Sewer: 218 daAuts
     D:7: 98 daAuts
  Temple: 59 daAuts
